[Event "Titled Tuesday Blitz November 29 Early 2022"]
[White "Deac, Bogdan-Daniel"]
[Black "Santos Ruiz, Miguel"]
[WhiteFideId "1226380"]
[BlackFideId "22291482"]
[WhiteElo "2648"]
[BlackElo "2503"]
[Result "1-0"]
[Round "10"]
[TimeControl "180+1"]
[Date "2022.11.29"]
[WhiteClock "0:00:31"]
[BlackClock "0:00:22"]

1. d4 Nf6 2. Nf3 d5 3. e3 e6 4. c4 b6 5. cxd5 exd5 6. Nc3 Bd6 7. Bb5+ c6 8. Bd3 O-O 9. O-O Re8 10. b3 Ne4 11. Bb2 Nd7 12. Qc2 Ndf6 13. Ne2 Bb7 14. Ne5 Rc8 15. f3 c5 16. Qd1 Ng5 17. Ng3 g6 18. Rc1 Bf8 19. Qd2 Bg7 20. Qf2 Qd6 21. Rcd1 a6 22. f4 Nge4 23. Nxe4 Nxe4 24. Bxe4 dxe4 25. dxc5 Qxc5 26. Nd7 Qc6 27. Bxg7 Kxg7 28. Qb2+ f6 29. Nxf6 1-0


[Site "https://www.chess.com"]

[Event "Titled Tuesday Blitz November 29 Early 2022"]
[White "Deev, Andrei"]
[Black "Mohammed, Zozek Salah Mohammed"]
[WhiteFideId "4102690"]
[BlackFideId "4803361"]
[WhiteElo "2299"]
[BlackElo "2199"]
[Result "0-1"]
[Round "10"]
[TimeControl "180+1"]
[Date "2022.11.30"]
[WhiteClock "0:00:10"]
[BlackClock "0:00:36"]

1. e4 c5 2. Nf3 d6 3. c3 Nf6 4. Be2 Nc6 5. d4 cxd4 6. cxd4 Nxe4 7. d5 Qa5+ 8. Nc3 Nxc3 9. bxc3 Nb8 10. O-O Nd7 11. c4 Nf6 12. Bb2 Qc7 13. a4 a6 14. a5 e6 15. Bd4 Be7 16. Bb6 Qb8 17. dxe6 Bxe6 18. Nd4 O-O 19. Rb1 Nd7 20. Nxe6 fxe6 21. Bg4 Nxb6 22. Bxe6+ Kh8 23. Rxb6 Qc7 24. Bd5 Rab8 25. Qb3 Bf6 26. Qa4 Bd4 27. Rb3 Qc5 28. Qa2 Rf6 29. Rf3 Rxf3 30. Bxf3 b5 31. axb6 Qxb6 32. Bd5 a5 33. g3 Qb4 34. Kg2 a4 35. Rd1 Bc5 36. Qe2 a3 37. Qh5 Qb2 38. Rf1 Rf8 39. Be4 Rxf2+ 40. Rxf2 Qxf2+ 41. Kh3 Qf1+ 42. Kh4 Qf6+ 43. Kh3 g6 44. Qg4 a2 45. Qc8+ Kg7 46. Qb7+ Kh6 0-1


[Site "https://www.chess.com"]

[Event "Titled Tuesday Blitz November 29 Early 2022"]
[White "Dehtiarov, Roman"]
[Black "Figorito, Nick"]
[WhiteFideId "14186640"]
[BlackFideId "30923689"]
[WhiteElo "2200"]
[BlackElo "2358"]
[Result "0-1"]
[Round "10"]
[TimeControl "180+1"]
[Date "2022.11.30"]
[WhiteClock "0:00:03"]
[BlackClock "0:00:06"]

1. e4 e6 2. Nc3 d5 3. exd5 exd5 4. d4 c6 5. Nf3 Bd6 6. Bd3 Ne7 7. O-O O-O 8. Ne2 Bf5 9. Ng3 Bxd3 10. Qxd3 h6 11. c3 Nd7 12. Re1 Nf6 13. Be3 Ng6 14. Nf5 Re8 15. h3 Bf8 16. Rad1 Ne4 17. Ng3 Nxg3 18. fxg3 Bd6 19. Bf2 Qc7 20. g4 Nf4 21. Qd2 Ng6 22. Qc2 Qd7 23. Qf5 Qxf5 24. gxf5 Nf8 25. g4 f6 26. Kg2 Kf7 27. Bg3 Bxg3 28. Kxg3 Nd7 29. Kf4 Nb6 30. b3 Rxe1 31. Rxe1 Re8 32. Rxe8 Kxe8 33. h4 Nc8 34. Nd2 b5 35. Nf1 Nd6 36. Ng3 Kf7 37. g5 hxg5+ 38. hxg5 a5 39. Ne2 fxg5+ 40. Kxg5 Ne4+ 41. Kf4 Nd6 42. Nc1 Kf6 43. Nd3 Nxf5 44. Nc5 g5+ 45. Kf3 b4 46. cxb4 axb4 47. Nd7+ Ke7 48. Ne5 Nxd4+ 49. Kg4 Ke6 50. Nd3 Nc2 51. Kxg5 Kd6 52. Kf4 c5 53. Nb2 Nd4 54. Ke3 Ke5 55. Nd3+ Kd6 56. Nf4 Ne6 57. Ne2 Nc7 58. Kd3 Nb5 59. Ng3 Nc3 60. Nf5+ Ke5 61. Ne3 Nxa2 62. Ng4+ Kd6 63. Ne3 Kc6 64. Nf5 Nc1+ 65. Kc2 Ne2 66. Kd3 Nf4+ 67. Kc2 Ne6 68. Ne7+ Kd6 69. Ng6 Nd4+ 70. Kb2 c4 71. bxc4 dxc4 72. Nf4 Kc5 73. Ng2 c3+ 74. Kb1 b3 75. Ne3 Kb4 76. Nd5+ Kc4 77. Nb6+ Kd3 78. Nd5 b2 79. Nb4+ Kc4 80. Na2 Kb3 81. Nxc3 Kxc3 82. Ka2 Kc2 83. Ka3 b1=Q 84. Ka4 Nf3 85. Ka5 Kc3 86. Ka4 Qb4# 0-1


[Site "https://www.chess.com"]

[Event "Titled Tuesday Blitz November 29 Early 2022"]
[White "Devaev, Alexander"]
[Black "Schut, Han"]
[WhiteFideId "4169395"]
[BlackFideId "1005561"]
[WhiteElo "2225"]
[BlackElo "2024"]
[Result "0-1"]
[Round "10"]
[TimeControl "180+1"]
[Date "2022.11.30"]
[WhiteClock "0:00:01"]
[BlackClock "0:00:11"]

1. d4 Nf6 2. c4 g6 3. Nc3 d5 4. Nf3 Bg7 5. Bg5 Ne4 6. cxd5 Nxg5 7. Nxg5 e6 8. Nf3 exd5 9. b4 Qd6 10. Qb3 c6 11. e3 a5 12. b5 Be6 13. Be2 c5 14. O-O c4 15. Qc2 f5 16. Ng5 Bg8 17. h4 h6 18. Nh3 Bf7 19. Bf3 Nd7 20. Rab1 b6 21. Nf4 Nf6 22. g3 g5 23. hxg5 hxg5 24. Nfe2 Ne4 25. Bg2 Qh6 26. Rfc1 Qh2+ 27. Kf1 O-O-O 28. Ng1 Bh5 29. Nxe4 fxe4 30. Bxe4 dxe4 31. Qxc4+ Kd7 32. Qc7+ Ke8 33. Qxg7 Bf3 34. Qe5+ Kf8 35. Qf5+ Ke8 36. Qg6+ Kf8 37. Qf6+ Ke8 38. Rc7 Qxg1+ 0-1


[Site "https://www.chess.com"]

[Event "Titled Tuesday Blitz November 29 Early 2022"]
[White "Donskov, Anatoly"]
[Black "Nepo"]
[WhiteFideId "24143413"]
[WhiteElo "2219"]
[BlackElo "2164"]
[Result "1-0"]
[Round "10"]
[TimeControl "180+1"]
[Date "2022.11.30"]
[WhiteClock "0:00:24"]
[BlackClock "0:01:34"]

1. e4 e5 2. Nf3 Nf6 3. d4 Nxe4 4. Bd3 d5 5. Nxe5 Nd7 6. Nxd7 Bxd7 7. O-O Bd6 8. c4 c6 9. Nc3 O-O 10. Qh5 g6 11. Qh6 Re8 12. cxd5 Nxc3 13. dxc6 Bf8 14. Qg5 Ne2+ 15. Bxe2 Bxc6 16. Qxd8 Raxd8 17. Be3 Bg7 18. Rad1 Bxd4 19. Bxd4 Rxe2 20. Bxa7 Ra8 21. Bd4 Rxa2 22. Rfe1 Rxe1+ 23. Rxe1 Ra8 24. f3 Re8 25. Be3 f5 26. Kf2 Kf7 27. Rd1 Ra8 28. Bd4 Ra4 29. Bc3 Rc4 30. Rd6 b5 31. Rf6+ Ke7 32. Rxc6 Rxc6 33. Ke3 Ke6 34. g4 Rc4 35. h3 fxg4 36. fxg4 h5 37. gxh5 gxh5 38. Kf3 Kf5 39. Kg3 Re4 40. Kf3 Rf4+ 41. Kg3 b4 42. Bd2 b3 43. Bxf4 h4+ 44. Kf3 Ke6 45. Bd2 Kf5 46. Be1 Kg5 47. Ke4 Kh5 48. Kf5 Kh6 49. Bxh4 Kh5 50. Bg3 Kh6 51. h4 Kh5 52. Kf4 Kh6 53. Kg4 Kg6 54. h5+ Kh6 55. Bf4+ Kh7 56. Kg5 Kg7 57. h6+ Kh7 58. Be5 Kg8 59. Kg6 Kf8 60. h7 Ke7 61. h8=Q Ke6 62. Qf6+ 1-0


[Site "https://www.chess.com"]

[Event "Titled Tuesday Blitz November 29 Early 2022"]
[White "Drozdowski, Kacper"]
[Black "Berezin, Viktor"]
[WhiteFideId "1136720"]
[BlackFideId "14107872"]
[WhiteElo "2485"]
[BlackElo "2310"]
[Result "1/2-1/2"]
[Round "10"]
[TimeControl "180+1"]
[Date "2022.11.30"]
[WhiteClock "0:00:13"]
[BlackClock "0:00:19"]

1. e4 c6 2. d4 d5 3. Nc3 dxe4 4. Nxe4 Nf6 5. Nxf6+ exf6 6. c3 Bd6 7. Bd3 O-O 8. Ne2 Re8 9. Qc2 h5 10. Be3 Nd7 11. O-O-O Nf8 12. Ng3 Be6 13. Kb1 Rc8 14. Ne4 Bb8 15. Nc5 b6 16. Nxe6 Nxe6 17. g3 Qd5 18. Rhe1 Rcd8 19. h4 Qa5 20. Bh7+ Kh8 21. Be4 c5 22. Bc6 Rf8 23. Qf5 cxd4 24. Qxa5 bxa5 25. cxd4 Bd6 26. a3 Rb8 27. Ka2 Rfc8 28. Rc1 Rc7 29. d5 Nd8 30. Ba4 Be5 31. b3 Rbc8 32. Rxc7 Rxc7 33. Kb1 Nb7 34. f4 Bd6 35. Bxa7 Bxa3 36. Bb6 Rc3 37. Re3 Rc1+ 38. Ka2 Bb4 39. Bc6 Nd6 40. Bd4 Nf5 41. Re8+ Kh7 42. Bb2 Rc2 43. Kb1 Rg2 44. Bb5 Rxg3 45. Re2 Kg6 46. Ka2 Nxh4 47. Bd7 Nf5 48. Rh2 Rd3 49. Bxf5+ Kxf5 50. Rxh5+ Kg6 51. Rh2 Rxd5 52. Rg2+ Kh6 53. Kb1 Rd2 54. Rg1 Rf2 55. Bd4 Rf3 56. Kc2 g5 57. Bxf6 g4 58. Rxg4 Rf2+ 59. Kd3 Rf3+ 60. Kc4 Kh5 61. Rg5+ Kh6 62. Rg4 Kh5 63. Rh4+ Kg6 64. Bd4 Bd6 65. Bb6 Rxf4+ 66. Rxf4 Bxf4 67. Bxa5 Bb8 68. Kd5 f5 69. Bb6 Kg5 70. b4 f4 71. Ke4 Kg4 72. b5 f3 73. Be3 Kg3 74. b6 f2 75. Bxf2+ Kxf2 76. Kd5 Ke2 77. Kc6 Ke3 78. b7 Bh2 79. Kd7 Kd4 80. Kc8 Kc5 81. b8=Q Bxb8 1/2-1/2


[Site "https://www.chess.com"]

[Event "Titled Tuesday Blitz November 29 Early 2022"]
[White "Dubov, Daniil"]
[Black "Bortnyk, Olexandr"]
[WhiteFideId "24126055"]
[BlackFideId "14120828"]
[WhiteElo "2791"]
[BlackElo "2723"]
[Result "1-0"]
[Round "10"]
[TimeControl "180+1"]
[Date "2022.11.29"]
[WhiteClock "0:00:10"]
[BlackClock "0:00:04"]

1. e4 Nf6 2. e5 Nd5 3. d4 d6 4. Nf3 dxe5 5. Nxe5 c6 6. Be2 Bf5 7. O-O Nd7 8. Nf3 e6 9. c4 N5f6 10. Nc3 Bd6 11. Nh4 Bg6 12. g3 O-O 13. Nxg6 hxg6 14. Be3 Qc7 15. Rc1 Rfe8 16. Bf3 e5 17. c5 Bf8 18. d5 Bxc5 19. dxc6 bxc6 20. Nb5 Qb6 21. Nd6 Bxe3 22. Rxc6 Qxb2 23. fxe3 e4 24. Nxe8 Rxe8 25. Be2 Qxa2 26. Bc4 Qa3 27. Bxf7+ Kxf7 28. Qxd7+ Re7 29. Qd5+ Kf8 30. Rc8+ Re8 31. Qc5+ Qxc5 32. Rxc5 Re7 33. Ra1 Kg8 34. Rca5 Ng4 35. Rxa7 Rxa7 36. Rxa7 Nxe3 37. Re7 Nd5 38. Rxe4 Nf6 39. Ra4 Kh7 40. Ra5 Ne4 41. Kg2 Nf6 42. Kf3 Nh5 43. Ke4 Nf6+ 44. Kf4 Nh5+ 45. Kg5 Nf6 46. Re5 Ng8 47. Re6 Nh6 48. Rxg6 Nf7+ 49. Kh5 Ne5 50. Ra6 Nf3 51. h3 Ne5 52. Kg5 Nf7+ 53. Kf4 Nh6 54. Ra7 Ng8 55. g4 Nf6 56. h4 Nd5+ 57. Kg5 Nc3 58. Re7 Nd5 59. Re6 Nc7 60. Re5 Na8 61. h5 Nb6 62. Kf5 Nc4 63. Re6 Nd2 64. g5 Nf3 65. Re4 Nd2 66. Re8 1-0


[Site "https://www.chess.com"]

[Event "Titled Tuesday Blitz November 29 Early 2022"]
[White "Estrada Nieto, Julian"]
[Black "Mrudul Dehankar"]
[WhiteFideId "5101018"]
[BlackFideId "25096990"]
[WhiteElo "2221"]
[BlackElo "2068"]
[Result "1-0"]
[Round "10"]
[TimeControl "180+1"]
[Date "2022.11.30"]
[WhiteClock "0:00:12"]
[BlackClock "0:00:03"]

1. e4 c6 2. d4 d5 3. Nd2 dxe4 4. Nxe4 Bf5 5. Ng3 Bg6 6. h4 h6 7. Nf3 e6 8. h5 Bh7 9. Bd3 Bxd3 10. Qxd3 Nd7 11. Bd2 Ngf6 12. O-O-O Be7 13. Qe2 O-O 14. Ne5 Qc7 15. Kb1 c5 16. Nxd7 Nxd7 17. d5 Qb6 18. Bc3 Bf6 19. Bxf6 Nxf6 20. dxe6 Qxe6 21. Qxe6 fxe6 22. f3 Rad8 23. Rhe1 Kf7 24. c3 Rxd1+ 25. Rxd1 Ke7 26. Re1 Nd5 27. Kc2 b6 28. Ne4 Nf4 29. g4 Nd5 30. Nd2 Rf6 31. a3 g6 32. c4 Nf4 33. Ne4 Rf8 34. hxg6 Nxg6 35. Rh1 Rh8 36. Kd2 Ne5 37. g5 Nxf3+ 38. Ke3 Ne5 39. Kf4 Ng6+ 40. Kg4 Ne5+ 41. Kg3 h5 42. b3 Ng6 43. Nf6 h4+ 44. Kg4 Rd8 45. Re1 Kf7 46. Ne4 Rd4 47. Rf1+ Kg7 48. Kf3 Rd3+ 49. Kg2 Rxb3 50. Nd6 e5 51. Rf7+ Kg8 52. Rxa7 Nf4+ 53. Kh2 h3 54. Ne4 Rb2+ 55. Kg3 Rg2+ 56. Kf3 h2 57. Nf6+ Kf8 58. Rh7 Ng6 59. Kxg2 Nf4+ 60. Kxh2 Ne6 61. Nd7+ Kg8 62. g6 Ng5 63. Nf6+ Kf8 64. g7+ Kf7 65. g8=Q+ Kxf6 66. Rh6+ 1-0


[Site "https://www.chess.com"]

[Event "Titled Tuesday Blitz November 29 Early 2022"]
[White "Fajdetic, Hrvoje"]
[Black "Floresvillar Gonzalez, Luis Migu"]
[WhiteFideId "14501945"]
[BlackFideId "5100542"]
[WhiteElo "2172"]
[BlackElo "2040"]
[Result "0-1"]
[Round "10"]
[TimeControl "180+1"]
[Date "2022.11.30"]
[WhiteClock "0:00:03"]
[BlackClock "0:00:16"]

1. d4 Nf6 2. Bf4 d6 3. Nc3 Nc6 4. Nf3 Bg4 5. d5 Bxf3 6. gxf3 Ne5 7. e4 e6 8. dxe6 fxe6 9. Bxe5 dxe5 10. Qxd8+ Rxd8 11. Bc4 Kf7 12. Rd1 Rxd1+ 13. Kxd1 Bb4 14. Ne2 Rd8+ 15. Bd3 c5 16. Kc1 a6 17. Rd1 b5 18. c3 Ba5 19. a4 c4 20. Bc2 Rxd1+ 21. Bxd1 Bb6 22. axb5 axb5 23. b3 cxb3 24. Bxb3 Bxf2 25. Kd2 Ke7 26. Kd3 Kd6 27. f4 Nd7 28. f5 Nc5+ 29. Kc2 Nxb3 30. Kxb3 exf5 31. exf5 Kc5 32. Nc1 Bg1 33. h3 e4 34. Ne2 Bf2 35. Nf4 e3 36. Kc2 Kc4 37. Ne6 g6 38. fxg6 hxg6 39. Nf4 g5 40. Ne2 Be1 41. Nc1 Bxc3 42. Ne2 Bd2 43. Ng3 Kd4 44. Ne2+ Ke4 45. Kb3 b4 46. Kc2 Kf3 47. Kd1 Kg2 48. h4 gxh4 49. Nf4+ Kg3 50. Ne2+ Kf3 51. Nd4+ Kg2 52. Ke2 h3 53. Nf3 b3 0-1


[Site "https://www.chess.com"]

[Event "Titled Tuesday Blitz November 29 Early 2022"]
[White "Fawzy, Adham"]
[Black "Melian, Juan Sebastian"]
[WhiteFideId "10613129"]
[BlackFideId "3706575"]
[WhiteElo "2541"]
[BlackElo "2044"]
[Result "1-0"]
[Round "10"]
[TimeControl "180+1"]
[Date "2022.11.30"]
[WhiteClock "0:00:12"]
[BlackClock "0:00:15"]

1. e4 c5 2. Nf3 e6 3. d4 cxd4 4. Nxd4 a6 5. Bd3 Nf6 6. O-O d6 7. c4 g6 8. Nc3 Bg7 9. Be3 O-O 10. Rc1 Qc7 11. f3 b6 12. Qd2 Bb7 13. Rfd1 Nbd7 14. Bf1 Rad8 15. b4 Ne5 16. Nb3 Rfe8 17. Na4 Nfd7 18. Qxd6 Qxd6 19. Rxd6 Bf8 20. Rdd1 Bxb4 21. Nxb6 Nxb6 22. Bxb6 Rc8 23. c5 Nc6 24. Rd7 Rb8 25. Rcd1 Bc8 26. Rc7 Ne5 27. h3 g5 28. Kf2 h5 29. a4 h4 30. a5 Ng6 31. Nd4 Ra8 32. Nc6 Kf8 33. Nxb4 Nf4 34. c6 Kg7 35. Bd4+ e5 36. Bb6 Be6 37. Nd5 Bxd5 38. exd5 e4 39. fxe4 Rxe4 40. Rd7 Rb4 41. c7 Rb2+ 42. Kg1 Rc2 43. Rd8 Rxc7 44. Bxc7 Ra7 45. Bb6 Rb7 46. d6 Ne6 47. Rc8 Kf6 48. d7 Rxd7 49. Rxd7 g4 50. Bd8+ Kg7 51. hxg4 h3 52. Bc4 h2+ 53. Kxh2 Kg6 54. Bxe6 f6 55. Bf5+ Kg5 56. Bxf6+ Kf4 57. Rc4+ Ke3 58. Rd3+ Ke2 59. Rc2+ Ke1 60. Rb3 Kd1 61. Rb1# 1-0


[Site "https://www.chess.com"]

[Event "Titled Tuesday Blitz November 29 Early 2022"]
[White "Fedoseev, Vladimir"]
[Black "Firouzja, Alireza"]
[WhiteFideId "24130737"]
[BlackFideId "12573981"]
[WhiteElo "2726"]
[BlackElo "2903"]
[Result "1/2-1/2"]
[Round "10"]
[TimeControl "180+1"]
[Date "2022.11.29"]
[WhiteClock "0:00:12"]
[BlackClock "0:00:07"]

1. e4 c5 2. Nf3 Nc6 3. Bb5 e6 4. Bxc6 bxc6 5. Nc3 f6 6. e5 fxe5 7. Nxe5 Nf6 8. Qe2 d6 9. Nc4 Be7 10. d3 O-O 11. O-O e5 12. f4 Bg4 13. Qe1 exf4 14. Bxf4 Qd7 15. h3 Be6 16. Qd2 Nd5 17. Bg3 Nxc3 18. bxc3 Rxf1+ 19. Rxf1 Rf8 20. Re1 Rf7 21. Qe2 Bxc4 22. dxc4 h6 23. Qe6 Bf8 24. Qe8 Qxe8 25. Rxe8 Rd7 26. Rc8 Kf7 27. Rxc6 Ke6 28. Kf2 Be7 29. Ke3 Bf6 30. Kd3 Be5 31. Bf2 Kf5 32. Be3 h5 33. a4 g5 34. a5 g4 35. hxg4+ Kxg4 36. Rc8 Kg3 37. Rg8+ Rg7 38. Rh8 h4 39. a6 Rg4 40. Rh7 Kxg2 41. Rxa7 h3 42. Rh7 h2 43. a7 Rg8 44. Ke4 h1=Q 45. Rxh1 Kxh1 46. Bxc5 dxc5 47. Kxe5 Ra8 48. Kd6 Rxa7 49. Kxc5 Rc7+ 50. Kd5 Kg2 51. c5 Kf3 52. c6 Rh7 53. Kd6 Ke4 54. c7 Rxc7 55. Kxc7 Kd5 56. Kb6 Kc4 57. Kc6 Kxc3 58. Kc5 Kxc2 1/2-1/2


[Site "https://www.chess.com"]

[Event "Titled Tuesday Blitz November 29 Early 2022"]
[White "Fernandez De La Vara, Arnaldo"]
[Black "Odegov, Artem"]
[WhiteFideId "3518388"]
[BlackFideId "34183644"]
[WhiteElo "2387"]
[BlackElo "2298"]
[Result "0-1"]
[Round "10"]
[TimeControl "180+1"]
[Date "2022.11.30"]
[WhiteClock "0:00:01"]
[BlackClock "0:00:05"]

1. Nf3 d5 2. g3 c6 3. Bg2 Bf5 4. O-O Nf6 5. d3 h6 6. Nbd2 e6 7. Qe1 Bh7 8. e4 Be7 9. b3 O-O 10. Bb2 Nbd7 11. Qe2 Qc7 12. Kh1 Rad8 13. Ne1 dxe4 14. dxe4 Nc5 15. f3 Qa5 16. Nc4 Qa6 17. Nd3 Nxd3 18. cxd3 Nd7 19. Rfd1 Bf6 20. Bxf6 Nxf6 21. d4 Rd7 22. Rd2 Rfd8 23. Rad1 Ne8 24. Qe3 f6 25. Bf1 b5 26. Nb2 Qxa2 27. Na4 Qa3 28. Nc5 Re7 29. Qc3 a5 30. Bh3 f5 31. Re1 Nd6 32. Rde2 Rde8 33. d5 exd5 34. e5 Nc4 35. Ra1 Qxc5 36. bxc4 dxc4 37. f4 Bg6 38. Bg2 Bf7 39. Rd2 Bd5 40. Rad1 Bxg2+ 41. Kxg2 b4 42. Qc2 c3 43. Rd6 Qc4 44. Qxf5 c2 45. Rc1 b3 46. e6 b2 47. Rxc2 b1=Q 48. Rdd2 Qcb5 49. Qe4 Q1b4 50. Qf3 Qb3 51. Rd3 Q3xd3 0-1


[Site "https://www.chess.com"]

[Event "Titled Tuesday Blitz November 29 Early 2022"]
[White "Fernandez Garcia, Gumersindo"]
[Black "Stijve, Theo"]
[WhiteFideId "24516740"]
[BlackFideId "1331132"]
[WhiteElo "2140"]
[BlackElo "2256"]
[Result "1-0"]
[Round "10"]
[TimeControl "180+1"]
[Date "2022.11.30"]
[WhiteClock "0:01:23"]
[BlackClock "0:00:18"]

1. e4 c6 2. c4 e5 3. Nf3 Qc7 4. d4 d6 5. d5 g6 6. Nc3 Bg7 7. Be3 Ne7 8. h3 O-O 9. Qd2 f5 10. exf5 Nxf5 11. dxc6 bxc6 12. O-O-O Na6 13. Bd3 Nxe3 14. fxe3 Nc5 15. Bc2 Rd8 16. Ne4 Nxe4 17. Bxe4 Be6 18. b3 d5 19. cxd5 cxd5+ 20. Bc2 Rac8 21. Kb1 d4 22. exd4 exd4 23. Bd3 a5 24. Rc1 Qb6 25. Rhe1 Bxb3 26. Qb2 Rc3 27. Bc4+ Bxc4 28. Qxb6 d3 29. Qxd8+ 1-0


[Site "https://www.chess.com"]

[Event "Titled Tuesday Blitz November 29 Early 2022"]
[White "Fernandez Hernandez, Gerardo"]
[Black "Hartikainen, Jarmo"]
[WhiteFideId "2207400"]
[BlackFideId "503134"]
[WhiteElo "2209"]
[BlackElo "2202"]
[Result "0-1"]
[Round "10"]
[TimeControl "180+1"]
[Date "2022.11.30"]
[WhiteClock "0:00:02"]
[BlackClock "0:00:16"]

1. e4 c5 2. d3 g6 3. g3 Bg7 4. Bg2 Nc6 5. f4 e6 6. Nf3 Nge7 7. O-O d6 8. c3 O-O 9. Be3 b6 10. d4 Bb7 11. dxc5 dxc5 12. Qc2 Qc7 13. Nbd2 Rad8 14. e5 Nf5 15. Bf2 Rd7 16. Nc4 Ba6 17. b3 Bxc4 18. bxc4 Rfd8 19. Rad1 Na5 20. g4 Ne7 21. Rxd7 Qxd7 22. Bh4 Nxc4 23. Qe4 Bf8 24. Qxc4 Rc8 25. Ng5 b5 26. Qe2 Nd5 27. Qd2 c4 28. Ne4 Qc6 29. Nf6+ Kg7 30. Nxd5 exd5 31. Qxd5 Qxd5 32. Bxd5 b4 33. cxb4 Bxb4 34. Bf6+ Kf8 35. Rc1 c3 36. e6 fxe6 37. Bxe6 Rc6 38. f5 gxf5 39. gxf5 c2 40. Bg5 Ba3 41. Kf2 Bxc1 42. Bxc1 Rb6 43. Bb3 Ra6 44. Bxc2 Rxa2 45. Bh6+ Kf7 46. Ke3 Rxc2 47. h4 Rh2 48. Bg5 a5 49. Kd3 a4 50. Bc1 a3 51. Bxa3 Rh3+ 52. Ke4 Rxa3 0-1


[Site "https://www.chess.com"]

[Event "Titled Tuesday Blitz November 29 Early 2022"]
[White "Fiedorek, Michal"]
[Black "Kuznetsova, Olga"]
[WhiteFideId "1199528"]
[BlackFideId "4191323"]
[WhiteElo "2201"]
[BlackElo "2134"]
[Result "0-1"]
[Round "10"]
[TimeControl "180+1"]
[Date "2022.11.30"]
[WhiteClock "0:00:07"]
[BlackClock "0:00:51"]

1. Nf3 d5 2. c4 e6 3. b3 a5 4. Bb2 a4 5. cxd5 exd5 6. bxa4 Nf6 7. e3 Bd6 8. Be2 O-O 9. O-O Nc6 10. Nc3 Bg4 11. Nb5 Re8 12. h3 Bh5 13. Nfd4 Bxe2 14. Nxe2 Ne4 15. d3 Nc5 16. Nxd6 Qxd6 17. Nc3 Qg6 18. Nxd5 Nxa4 19. Qb3 Nxb2 20. Qxb2 Qd6 21. e4 Nd8 22. Rfd1 c6 23. Ne3 Qg6 24. a4 Re7 25. Qb4 Rd7 26. Nf5 Qf6 27. d4 Ne6 28. Ra3 Rad8 29. Rad3 c5 30. Qb5 cxd4 31. g3 g6 32. Nh6+ Kg7 33. Ng4 Qg5 34. f4 Qxb5 35. axb5 Nc5 36. Ra3 Nxe4 37. Ne5 Re7 38. Rad3 f6 39. Nc4 Red7 40. Nb6 Rd6 41. Nc4 Rd5 42. Ne3 dxe3 43. Rxd5 Rxd5 44. Rxd5 e2 0-1


[Site "https://www.chess.com"]

[Event "Titled Tuesday Blitz November 29 Early 2022"]
[White "Flis, Pawel"]
[Black "Grabinsky, Vladimir"]
[WhiteFideId "1112864"]
[BlackFideId "14107074"]
[WhiteElo "1817"]
[BlackElo "2198"]
[Result "0-1"]
[Round "10"]
[TimeControl "180+1"]
[Date "2022.11.30"]
[WhiteClock "0:00:04"]
[BlackClock "0:00:48"]

1. e4 c5 2. Nf3 Nc6 3. d4 cxd4 4. Nxd4 e5 5. Nb5 d6 6. c4 Be7 7. Be2 f5 8. exf5 Bxf5 9. Bg4 Bxg4 10. Qxg4 Nf6 11. Qe6 a6 12. N5c3 Nd4 13. Qh3 Nc2+ 14. Ke2 Nxa1 15. Na3 Qb6 16. b3 Nxb3 17. axb3 Qxb3 18. Nab1 Qxc4+ 19. Qd3 Rc8 20. Rd1 O-O 21. Qxc4+ Rxc4 22. Kd3 d5 23. Nxd5 Rd4+ 24. Ke2 Nxd5 25. Rxd4 exd4 26. Kd3 Rxf2 27. Kxd4 Nf4 28. Be3 Ne2+ 29. Kd3 Rxg2 30. Nd2 Nc1+ 31. Ke4 Rxh2 32. Nf3 Rc2 0-1


[Site "https://www.chess.com"]

[Event "Titled Tuesday Blitz November 29 Early 2022"]
[White "Gabrielian, Artur"]
[Black "Malka, Samuel"]
[WhiteFideId "4131002"]
[BlackFideId "20643675"]
[WhiteElo "2432"]
[BlackElo "2461"]
[Result "1-0"]
[Round "10"]
[TimeControl "180+1"]
[Date "2022.11.30"]
[WhiteClock "0:00:13"]
[BlackClock "0:00:03"]

1. d4 d5 2. c4 e6 3. Nc3 Nf6 4. cxd5 exd5 5. Bg5 c6 6. e3 h6 7. Bh4 Be7 8. Bd3 O-O 9. Qc2 Re8 10. Nf3 Ne4 11. Bxe7 Qxe7 12. Bxe4 dxe4 13. Nd2 f5 14. h3 Be6 15. g4 Nd7 16. Rg1 Nf6 17. gxf5 Bxf5 18. O-O-O b5 19. Rg3 Kh8 20. Rdg1 Rg8 21. f3 Rae8 22. fxe4 Nxe4 23. Ndxe4 Bxe4 24. Nxe4 Qxe4 25. Qxe4 Rxe4 26. Kd2 g5 27. Rg4 Rge8 28. R1g3 Kg7 29. Kd3 Rxg4 30. hxg4 Rf8 31. e4 Rf2 32. e5 Kf7 33. Ke4 Rxb2 34. Rf3+ Ke7 35. Rf6 Re2+ 36. Kf3 Rc2 37. Rxh6 a5 38. Ke4 Re2+ 39. Kf5 Rf2+ 40. Kxg5 Rd2 41. Rxc6 Rxd4 42. Kf5 Rd2 43. Rc7+ Kd8 44. Rb7 b4 45. g5 Rxa2 46. g6 Rf2+ 47. Ke6 Rg2 48. g7 b3 49. Rb8+ Kc7 50. g8=Q Rxg8 51. Rxg8 b2 52. Rg1 a4 53. Kd5 a3 54. Rg7+ Kc8 55. Rg8+ Kc7 56. Rg7+ Kc8 57. Kc6 Kd8 58. Kd6 Ke8 59. e6 Kf8 60. Rf7+ 1-0


[Site "https://www.chess.com"]

[Event "Titled Tuesday Blitz November 29 Early 2022"]
[White "Gatterer, Florian"]
[Black "Janaszak, Dawid"]
[WhiteFideId "811688"]
[BlackFideId "1119206"]
[WhiteElo "2218"]
[BlackElo "2226"]
[Result "1/2-1/2"]
[Round "10"]
[TimeControl "180+1"]
[Date "2022.11.30"]
[WhiteClock "0:02:26"]
[BlackClock "0:02:49"]

1. e4 c5 2. d4 cxd4 3. c3 e5 4. Nf3 Nc6 5. Bc4 Nf6 6. Ng5 d5 7. exd5 Na5 8. Bb5+ Bd7 9. Qa4 Bd6 10. Bxd7+ Nxd7 11. Ne4 1/2-1/2


[Site "https://www.chess.com"]

[Event "Titled Tuesday Blitz November 29 Early 2022"]
[White "Gjestemoen-VonHirsch, Andre"]
[Black "Von Buelow, Georg"]
[WhiteFideId "1539531"]
[BlackFideId "4620658"]
[WhiteElo "2198"]
[BlackElo "2220"]
[Result "0-1"]
[Round "10"]
[TimeControl "180+1"]
[Date "2022.11.30"]
[WhiteClock "0:00:02"]
[BlackClock "0:00:14"]

1. b3 d5 2. Bb2 Bg4 3. Nf3 Bxf3 4. exf3 e6 5. d3 Nf6 6. Nd2 c6 7. g3 Nbd7 8. f4 Bb4 9. a3 Bc5 10. Qe2 O-O 11. Bg2 Re8 12. d4 Bd6 13. O-O b5 14. Rae1 Qe7 15. b4 a5 16. c3 axb4 17. axb4 Nb6 18. Qd3 g6 19. Bh3 Qc7 20. Re2 Ra2 21. Qb1 Rea8 22. Rfe1 Nc4 23. Nxc4 bxc4 24. Qc1 Qa7 25. f5 exf5 26. Bxf5 Bf8 27. Bb1 Ra6 28. Qg5 Bg7 29. h4 Rf8 30. Bc1 Qa8 31. Bf4 h6 32. Qe5 Ne4 33. Rxe4 Bxe5 34. Rxe5 h5 35. Bh6 Rc8 36. g4 hxg4 37. h5 Kh7 38. Bc1 Ra7 39. hxg6+ fxg6 40. Rg5 Rg8 41. Kg2 Kg7 42. Rxg6+ Kf7 43. Rd6 Qb8 44. Rh6 Rg7 45. Bg6+ Kf8 46. Rh7 Rxh7 47. Bxh7 Rxh7 0-1


[Site "https://www.chess.com"]

[Event "Titled Tuesday Blitz November 29 Early 2022"]
[White "Gonzalez, Francisco Silva"]
[Black "Vasques, Antonio Pedro Freixial"]
[WhiteFideId "1512285"]
[BlackFideId "1908332"]
[WhiteElo "2159"]
[BlackElo "2243"]
[Result "0-1"]
[Round "10"]
[TimeControl "180+1"]
[Date "2022.11.30"]
[WhiteClock "0:00:21"]
[BlackClock "0:00:13"]

1. d4 Nf6 2. c4 e6 3. Nc3 Bb4 4. a3 Bxc3+ 5. bxc3 b6 6. e3 Bb7 7. f3 c5 8. Bd3 Nc6 9. Ne2 O-O 10. e4 h6 11. Be3 d6 12. Ng3 Rc8 13. O-O Na5 14. d5 Ba6 15. Qe2 Re8 16. a4 Qe7 17. Rfe1 Nd7 18. f4 Qf6 19. Nh5 Qxc3 20. Rec1 Qb3 21. Rcb1 Qc3 22. Rc1 Qb3 23. Rab1 Qxa4 24. Ra1 Qb4 25. Bd2 Qb2 26. Rab1 Qa3 27. Rc3 Qa2 28. Rbc1 exd5 29. cxd5 Bxd3 30. Qxd3 Qa4 31. Re1 Qd4+ 32. Kf1 b5 33. Qg3 Nc4 34. Rd3 g6 35. Rxd4 cxd4 36. Bc1 Kh7 37. Qg4 Rc7 38. Ng3 d3 39. Qd1 Nc5 40. Bd2 a5 41. f5 a4 42. Bb4 a3 43. Bxc5 d2 44. Bb4 dxe1=Q+ 45. Bxe1 Ne3+ 46. Ke2 Nxd1 47. Bc3 a2 48. Bd4 Rc2+ 49. Kxd1 Rxg2 50. fxg6+ Kxg6 51. e5 Rxg3 52. e6 fxe6 53. hxg3 exd5 54. Kc2 Re4 55. Bc3 Rc4 56. Kb2 Rxc3 57. Kxa2 Rxg3 58. Kb2 h5 59. Kc2 h4 60. Kd2 Kg5 61. Ke2 Kg4 62. Kf2 h3 63. Kf1 h2 64. Kf2 h1=Q 0-1


[Site "https://www.chess.com"]